 Dungeon Crawl Stone Soup version 0.26.1-10-gdfb7c7de75 (webtiles) character file.

Game seed: 16466336031899657193

29 Revguard the Insei (level 3, -1/31 HPs)
             Began as a Naga Transmuter on Apr 9, 2021.
             Killed by nerve-wracking pain
             ... invoked by an orc priest
              (10 damage)
             ... on level 3 of the Dungeon.
             The game lasted 00:08:33 (2062 turns).

Revguard the Insei (Naga Transmuter)                Turns: 2062, Time: 00:08:34

Health: -1/31      AC:  3    Str: 12    XL:     3   Next: 16%
Magic:  1/6        EV: 10    Int: 13    God:
Gold:   115        SH:  0    Dex: 12    Spells: 3/6 levels left

rFire    . . .     SeeInvis +     - Unarmed
rCold    . . .     Faith    .   (no shield)
rNeg     . . .     Spirit   .   a - +1 robe
rPois    +         Reflect  .   (helmet currently unavailable)
rElec    .         Harm     .   (no cloak)
rCorr    .         Rampage  .   (no gloves)
Will     .....                  (no barding)
Stlth    ++........             (no amulet)
HPRegen  0.10/turn              (no ring)
MPRegen  0.10/turn              (no ring)

@: short of breath, appendages (expiring), very slightly contaminated, very slow
A: large, horns 2, see invisible, deformed body, poison resistance, slowness 2,
spit poison 1, AC +1
a: Spit Poison, End Transformation


You were on level 3 of the Dungeon.
You had grown temporary horns.
You visited 1 branch of the dungeon, and saw 3 of its levels.

You collected 115 gold pieces.

Inventory:

Armour
 a - a +1 robe (worn)
Scrolls
 d - a scroll of remove curse
Potions
 b - a potion of curing
 c - 2 potions of heal wounds
 h - a potion of attraction {unknown}
 k - 2 potions of cancellation {unknown}


   Skills:
 * Level 1.3 Fighting
 + Level 1.7 Dodging
 * Level 1.7 Stealth
 + Level 3.3 Unarmed Combat
 + Level 2.3 Spellcasting
 + Level 2.1 Transmutations


You had 3 spell levels left.
You knew the following spells:

 Your Spells              Type           Power        Failure   Level
a - Beastly Appendage     Tmut           14%          11%         1
b - Wereblood             Tmut           7%           16%         2

Your spell library contained the following spells:

 Spells                   Type           Power        Failure   Level
 Spider Form              Tmut/Pois      2%           43%         3
 Ice Form                 Ice/Tmut       4%           85%         4
 Blade Hands              Tmut           3%           96%         5


Dungeon Overview and Level Annotations

Branches:
Dungeon (3/15)

Altars:


Innate Abilities, Weirdness & Mutations

You cannot wear boots.
Your serpentine skin is tough. (AC +1)
You have supernaturally acute eyesight. (SInv)
Armour fits poorly on your strangely shaped body.
Your system is resistant to poisons. (rPois)
You cover ground very slowly.
You can spit poison.
You have a pair of horns on your head.


Message History

A rat comes into view.
The leopard gecko barely misses you.
The orc priest hits you with a +0 war axe!
* * * LOW HITPOINT WARNING * * *
Abil: Spit Poison
Press: ? - help, Q - select action, (/) - cycle Shift-Dir - straight line, f - orc priest, p - adder
Aim: an orc priest, wielding a +0 war axe The splash of poison hits the orc priest.
The orc priest is poisoned.
The orc priest is moderately wounded.
Your transformation is almost over.
The orc priest looks encouraged for a moment.
The leopard gecko bites you but does no damage.
You barely miss the leopard gecko. The orc priest barely misses you.
The leopard gecko closely misses you.
You closely miss the orc priest.
The orc priest is heavily wounded.
The orc priest mumbles some strange prayers to Beogh against you.
Pain shoots through your body!
You die... ....# ...# ..r# og# ooB

#o# #o# #
#@# #.##l#
#..gS#
#......r.#
#........#
#.....(..#
#.....!..#
#........#
#...r.....


You could see 2 orc priests, an adder, 3 orcs, a leopard gecko, a giant
cockroach, 2 goblins and 2 rats.

Vanquished Creatures
  3 dart slugs (D:2)
  A leopard gecko (D:1)
  2 giant cockroaches
  4 goblins
  3 hobgoblins
  A bat (D:2)
  3 frilled lizards
  4 kobolds
  A rat (D:1)
22 creatures vanquished.

Notes
Turn   | Place    | Note
-------+----------+-------------------------------------------
     0 | D:1      | Revguard the Naga Transmuter began the quest for the Orb.
     0 | D:1      | Reached XP level 1. HP: 18/18 MP: 3/3
   474 | D:1      | Reached XP level 2. HP: 22/25 MP: 1/5
   556 | D:1      | Reached skill level 1 in Stealth
   971 | D:1      | Learned a level 2 spell: Wereblood
  1585 | D:2      | Reached XP level 3. HP: 29/31 MP: 4/6
  2062 | D:3      | Killed from afar by an orc priest

Illustrated notes

Levels and vault maps discovered:
D:1:      dpeg_arrival_erosion, layout_basic
D:2:      layout_rooms
D:3:      cheibrodos_old_hovel, layout_basic, cheibrodos_sewer_entry_sluice,
          amcnicky_mini_pool_small

Skill      XL: |  1  2 |
---------------+-------+-----
Stealth        | 1 |  1.7
Fighting       | |  1.3
Dodging        | |  1.7
Unarmed Combat | |  3.3
Spellcasting   | |  2.3
Transmutations | |  2.1

Action                   || total
-------------------------++-------
Melee: Unarmed           ||    51
       Headbutt          ||     2
 Cast: Beastly Appendage ||    14
 Abil: Spit Poison       ||    17
  Use: Scroll            ||     8
       Potion            ||     1
Armor: Robe              ||    14
Dodge: Dodged            ||    49
